 Dungeon Crawl Stone Soup version 0.31-a0-667-g39726597b9 (webtiles) character file.

Game seed: 9732108091628331480

327 qw the Shooter (level 6, -2/38 HPs)
             Began as a Gargoyle Hunter on Sept 3, 2023.
             Was an Initiate of Okawaru.
             Slain by a hornet (13 damage)
             ... on level 5 of the Dungeon.
             The game lasted 00:02:22 (3234 turns).

qw the Shooter (Gargoyle Hunter)                    Turns: 3234, Time: 00:02:22

Health: -2/38      AC:  9    Str: 14    XL:     6   Next: 50%
Magic:  6/6        EV: 11    Int: 10    God:    Okawaru [......]
Gold:   178        SH:  5    Dex: 15    Spells: 5/5 levels left

rFire   + . .        Y - +0 shortbow
rCold   + . .        (shield currently unavailable)
rNeg    + . .        j - +1 leather armour {rF+}
rPois   inf          (no helmet)
rElec   +            (no cloak)
rCorr   .            f - +0 pair of gloves
SInv    .            (no boots)
Will    .....        h - amulet of reflection
Stlth   ++           a - ring of protection from cold
HPRegen 0.26/turn    (no ring)
MPRegen 0.10/turn

%: reflection
@: no status effects
A: sickness immunity, AC +4, negative energy resistance 1, electricity
resistance, torment resistance 1, petrification resistance
a: Renounce Religion


You were on level 5 of the Dungeon.
You worshipped Okawaru.
Okawaru was noncommittal.
You visited 2 branches of the dungeon, and saw 6 of its levels.

You collected 178 gold pieces.


Innate Abilities, Weirdness & Mutations

You are immune to sickness and miasma.
Your stone body is resilient. (AC +4)
You are immune to poison.
You resist negative energy. (rN+)
You are resistant to electric shocks. (rElec)
You are resistant to unholy torment.
You are immune to petrification.


   Skills:
 - Level 4.2 Fighting
 + Level 6.5 Ranged Weapons
 - Level 1.5 Armour
 - Level 1.5 Dodging
 - Level 1.1 Stealth


You had 5 spell levels left.
You didn't know any spells.
Your spell library was empty.

Inventory:

Hand Weapons
 Y - a +0 shortbow (weapon)
Armour
 f - a +0 pair of gloves (worn)
 j - a +1 leather armour of fire resistance (worn)
Jewellery
 a - a ring of protection from cold (left hand)
 h - an amulet of reflection (around neck)
Scrolls
 b - a scroll of identify
 c - a scroll of brand weapon {unknown}
Potions
 e - a potion of haste {unknown}
 g - 2 potions of curing
 i - 7 potions of heal wounds

Dungeon Overview and Level Annotations

Branches:
Dungeon (5/15)             Temple (1/1) D:4

Altars:
Ashenzari
Dithmenos
Elyvilon
Hepliaklqana
Kikubaaqudgha
Okawaru
Qazlal
Ru
Sif Muna
Trog
Uskayaw
Yredelemnul
Zin

Shops:
D:2 (   D:3 :

Annotations:
D:3 1 runed translucent door, Crazy Yiuf


Message History

You see here an adder corpse.
You now have 178 gold pieces (gained 10).
A hornet comes into view.
The hornet buzzes angrily.
You shoot an arrow. The arrow barely misses the hornet.
You shoot an arrow. The arrow barely misses the hornet.
You block the hornet's attack.
You shoot an arrow. The arrow hits the hornet.
The hornet is lightly wounded.
You block the hornet's attack. The hornet stings you.
You shoot an arrow. The arrow closely misses the hornet.
The hornet stings you but does no damage.
The hornet completely misses you.
You shoot an arrow. The arrow misses the hornet.
The hornet stings you!
You shoot an arrow. The arrow hits the hornet.
The hornet is moderately wounded.
The hornet stings you! The hornet barely misses you.
You shoot an arrow. The arrow misses the hornet.
The hornet stings you! The hornet closely misses you.
3229 ||| DRINKING 8 potions of heal wounds.
You feel much better.
The hornet stings you but does no damage.
You shoot an arrow. The arrow hits the hornet!
The hornet is heavily wounded.
The hornet closely misses you. The hornet stings you.
You shoot an arrow. The arrow closely misses the hornet.
The hornet stings you. The hornet barely misses you.
You shoot an arrow. The arrow hits the hornet.
The hornet is heavily wounded.
The hornet stings you!
You shoot an arrow.
The arrow hits the hornet but does no damage.
The hornet is heavily wounded.
You block the hornet's attack.
The hornet stings you but does no damage.
You shoot an arrow. The arrow hits the hornet.
The hornet is heavily wounded.
The hornet stings you!
You die...

#..# #..# #..#
#..# #..# #
##..###### ...
#......)..
#.#.$######...#
.......@......#
#.....y..%....#
........####.##
####.##.# #.#
... .#. ..# #.#
#. . ### ... ..
. ## ##. .#


You could see a hornet.

Vanquished Creatures
  A scorpion (D:5)
  A hound (D:4)
  Jessica (D:3)
  Terence (D:3)
  An orc wizard (D:4)
  9 adders
  2 dart slugs
  5 orcs
  7 endoplasms
  2 giant cockroaches
  4 goblins
  5 hobgoblins
  6 jackals
  3 quokkas
  4 ball pythons
  9 bats
  3 frilled lizards
  7 kobolds
  3 rats (D:2)
74 creatures vanquished.

Notes
Turn   | Place    | Note
-------+----------+-------------------------------------------
     0 | D:1      | qw the Gargoyle Hunter began the quest for the Orb.
     0 | D:1      | Reached XP level 1. HP: 12/12 MP: 1/1
     0 | D:1      | 0 ||| qw: Version: 0.3-a-75-g5245507
     0 | D:1      | 0 ||| qw: Game counter: 26
     0 | D:1      | 0 ||| qw: Melee chars always use a shield: true
     0 | D:1      | 0 ||| qw: God list: Okawaru
     0 | D:1      | 0 ||| qw: Allow faded altars: false
     0 | D:1      | 0 ||| qw: Do Orc after clearing Dungeon:15 true
     0 | D:1      | 0 ||| qw: Do second Lair branch before Depths: true
     0 | D:1      | 0 ||| qw: Lair rune preference: random
     0 | D:1      | 0 ||| qw: Goals: Normal
     0 | D:1      | 0 ||| PLANNING D:1-11
   224 | D:1      | Found a faded altar of an unknown god.
   232 | D:1      | Reached XP level 2. HP: 17/17 MP: 2/2
   670 | D:1      | 670 ||| UPGRADING to +0 pair of gloves.
   675 | D:1      | 675 ||| UPGRADING to +1 leather armour of fire resistance.
   685 | D:1      | 685 ||| DROPPING +0 leather armour.
   686 | D:1      | 686 ||| READING scroll labelled YQYGEB ZERPH.
   687 | D:1      | 687 ||| READING scroll labelled WULAAWKEUMI.
   688 | D:1      | 688 ||| DRINKING 2 bubbling emerald potions.
   689 | D:1      | 689 ||| DROPPING scroll of butterflies.
   861 | D:2      | Reached skill level 5 in Ranged Weapons
   861 | D:2      | Reached XP level 3. HP: 21/21 MP: 3/3
   861 | D:2      | Found Cylierph's Antique Weapon Shop.
  1012 | D:2      | 1012 ||| FLEEEEING.
  1066 | D:2      | Reached skill level 3 in Fighting
  1124 | D:2      | You fall into a shaft and drop 2 floors!
  1124 | D:4      | Found a basalt altar of Yredelemnul.
  1155 | D:4      | Reached XP level 4. HP: 28/28 MP: 4/4
  1184 | D:4      | 1184 ||| READING 2 scrolls labelled PERGHAOKHLUARPH.
  1185 | D:4      | 1185 ||| READING scroll labelled YFOPAPINID.
  1186 | D:4      | 1186 ||| DROPPING scroll of vulnerability.
  1194 | D:3      | Noticed Jessica
  1195 | D:3      | 1195 ||| RETREATING.
  1196 | D:3      | 1196 ||| Stepping ~*~*~tactically~*~*~ (retreating).
  1197 | D:3      | 1197 ||| Stepping ~*~*~tactically~*~*~ (retreating).
  1198 | D:3      | 1198 ||| Stepping ~*~*~tactically~*~*~ (retreating).
  1199 | D:3      | 1199 ||| Stepping ~*~*~tactically~*~*~ (retreating).
  1222 | D:3      | Killed Jessica
  1225 | D:3      | Reached XP level 5. HP: 17/32 MP: 5/5
  1374 | D:2      | Reached skill level 6 in Ranged Weapons
  1679 | D:2      | Found a stormy altar of Qazlal.
  1882 | D:2      | 1882 ||| READING scroll labelled FAETIE UGGAGHO.
  1885 | D:2      | 1885 ||| READING scroll labelled NOTZEM CAUJUYL.
  1940 | D:3      | Found Iliseath's Vocational Training.
  1949 | D:3      | 1949 ||| DRINKING 2 glowing amethyst potions.
  1996 | D:3      | Noticed Terence
  2009 | D:3      | Killed Terence
  2010 | D:3      | Reached skill level 1 in Armour
  2065 | D:3      | Found a sacrificial altar of Ru.
  2289 | D:3      | Found a runed translucent door.
  2290 | D:3      | Noticed Crazy Yiuf
  2293 | D:3      | 2293 ||| UPGRADING to ring of protection from cold.
  2294 | D:3      | 2294 ||| READING scroll labelled AQIOCH FUQENESCHUKU.
  2381 | D:4      | Found a staircase to the Ecumenical Temple.
  2382 | D:4      | 2382 ||| PLANNING TEMPLE
  2382 | D:4      | 2382 ||| DRINKING 2 metallic cyan potions.
  2383 | D:4      | 2383 ||| DROPPING potion of brilliance.
  2389 | Temple   | Entered the Ecumenical Temple
  2390 | Temple   | 2390 ||| PLANNING OKAWARU WORSHIP
  2408 | Temple   | Became a worshipper of Warmaster Okawaru
  2409 | Temple   | 2409 ||| PLANNING D:1-11
  2696 | D:4      | Found a white marble altar of Elyvilon.
  2872 | D:4      | Reached XP level 6. HP: 36/38 MP: 6/6
  3007 | D:4      | 3007 ||| UPGRADING to amulet of reflection.
  3012 | D:4      | 3012 ||| READING 3 scrolls of identify.
  3012 | D:4      | 3012 ||| IDENTIFYING orange potion
  3013 | D:4      | 3013 ||| READING 2 scrolls of identify.
  3013 | D:4      | 3013 ||| IDENTIFYING fuming yellow potion
  3014 | D:4      | 3014 ||| DROPPING potion of attraction.
  3015 | D:4      | 3015 ||| DROPPING potion of ambrosia.
  3036 | D:5      | Entered Level 5 of the Dungeon
  3148 | D:5      | HP: 8/38 [orc priest/nerve-wracking pain (6)]
  3149 | D:5      | 3149 ||| READING scroll of teleportation.
  3150 | D:5      | 3150 ||| DRINKING 9 potions of heal wounds.
  3221 | D:5      | Noticed a hornet
  3228 | D:5      | HP: 4/38 [hornet (12)]
  3229 | D:5      | 3229 ||| DRINKING 8 potions of heal wounds.
  3234 | D:5      | Slain by a hornet

Levels and vault maps discovered:
D:1:      minmay_arrival_plants_in_alcoves, layout_basic,
          hellmonk_ecumenical_altar_zigzags, minmay_cut_off
D:2:      layout_basic, serial_shops, nicolae_shop_statue_plus, basic_altar,
          minmay_fractal_squares_5
D:3:      layout_rooms, nicolae_ru_sacrificial_ziggurat, serial_bayou_pond_e,
          minmay_misc_feat_tiny, st_stairs_1, nicolae_shop_vocational,
          uniq_terence, uniq_crazy_yiuf_cottage, uniq_jessica
D:4:      layout_rooms, kennysheep_ying_yang,
          minmay_temple_entry_enclosed_plants, serial_forest,
          infiniplex_forest_end_3, infiniplex_forest_clump_diagonal,
          infiniplex_forest_straight_4, infiniplex_forest_clump_cross,
          infiniplex_forest_lined_2, infiniplex_forest_clump_medium,
          infiniplex_forest_straight_3, infiniplex_forest_end_1, dk_vineyard_3,
          chequers_serial_rivers_micro_c
D:5:      layout_loops_ring, ebering_dispersal_statue_hall
Temple:   hellmonk_temple_beads

Skill      XL: |  1  2  3  4  5 |
---------------+----------------+-----
Ranged Weapons | 5 6 |  6.5
Fighting       | 3 4 |  4.2
Armour         | 1 |  1.5
Dodging        | |  1.5
Stealth        | |  1.1

Action                     |  1- 3 |  4- 6 || total
---------------------------+-------+-------++-------
   Fire: Shortbow          |   115 |   179 ||   294
    Use: Scroll            |     2 |     8 ||    10
         Potion            |     1 |     4 ||     5
 Armour: Leather armour    |    49 |   102 ||   151
  Dodge: Dodged            |    50 |    92 ||   142
  Block: Other             |       |     6 ||     6

Table legend:
 A = Non-vault XP
 B = Vault XP
 C = Vault XP percentage of total XP
 D = Non-vault monster count
 E = Vault monster count
 F = Vault count percentage of total count
                 A         B        C        D         E       F
            +---------+---------+-------+---------+---------+-------
      Total |     367 |     101 |  21.6 |      64 |      10 |  13.5
            +---------+---------+-------+---------+---------+-------
        D:1 |      17 |       0 |   0.0 |      12 |       0 |   0.0
        D:2 |      70 |      13 |  15.7 |      21 |       6 |  22.2
        D:3 |      56 |      88 |  61.1 |      13 |       4 |  23.5
        D:4 |      98 |       0 |   0.0 |      11 |       0 |   0.0
        D:5 |     126 |       0 |   0.0 |       7 |       0 |   0.0
            +---------+---------+-------+---------+---------+-------
